 Dungeon Crawl Stone Soup version 0.22.1-1-ga44c0e56f4 (webtiles) character file.

317 Morbidden the Chopper (level 6, -4/32 HPs)
             Began as a Vine Stalker Fighter on Nov 6, 2018.
             Slain by a hound (5 damage)
             ... on level 4 of the Dungeon.
             The game lasted 00:04:00 (2130 turns).

Morbidden the Chopper (Vine Stalker Fighter)        Turns: 2130, Time: 00:04:01

Health: -4/32      AC:  6    Str: 25    XL:     6   Next: 44%
Magic:  0/8        EV:  7    Int:  8    God:
Gold:   116        SH: 10    Dex: 14    Spells: 6/6 levels left

rFire    . . .     SeeInvis .   a - +0 war axe
rCold    . . .     Gourm    .   c - +0 shield
rNeg     . . .     Faith    .   b - +0 scale mail
rPois    .         Spirit   +   (no helmet)
rElec    .         Reflect  .   (no cloak)
rCorr    .         Harm     .   (no gloves)
MR       .....                  (no boots)
Stlth    +.........             (no amulet)
HPRegen  0.50/turn              (no ring)
MPRegen  0.11/turn              (no ring)

@: mighty, lethally poisoned (-4 -> -4)
A: fangs 2, regeneration 1, magic shield, antimagic bite, no potion heal 3, rot
immunity
a: no special abilities


You were on level 4 of the Dungeon.
You were not hungry.

You visited 1 branch of the dungeon, and saw 4 of its levels.

You collected 116 gold pieces.

Inventory:

Hand Weapons
 a - a +0 war axe (weapon)
Armour
 b - a +0 scale mail (worn)
 c - a +0 shield (worn)
Scrolls
 g - 2 scrolls of remove curse {unknown}
 h - 3 scrolls of teleportation {unknown}
 j - a scroll of amnesia {unknown}
 k - 9 scrolls of identify {unknown}
 m - 2 scrolls of enchant weapon {unknown}
 n - a scroll of blinking {unknown}
 o - a scroll of noise {unknown}
Potions
 d - a potion of might
 e - a potion of mutation {unknown}
 i - 2 potions of lignification {unknown}
 l - a potion of curing {unknown}
Comestibles
 f - 7 rations
 p - a chunk of flesh


   Skills:
 + Level 3.2 Fighting
 * Level 4.5 Axes
 + Level 3.0 Armour
 + Level 0.3 Dodging
 + Level 1.6 Stealth
 + Level 3.3 Shields
 * Level 0.7 Spellcasting


You had 6 spell levels left.
You didn't know any spells.
Your spell library was empty.

Dungeon Overview and Level Annotations

Branches:
Dungeon (4/15)
 Temple: D:4-7

Altars:
Ashenzari


Innate Abilities, Weirdness & Mutations

You have extremely sharp teeth.
Your natural rate of healing is unusually fast.
When hurt, damage is shared between your health and your magic reserves.
Your bite disrupts and absorbs the magic of your enemies.
Potions cannot restore your health.
You are immune to rotting.


Message History

Unknown command.
You feel sick.
Unknown command.
You feel sick.
Unknown command.
You feel sick.
Unknown command.
You feel sick. The worker ant bites you.
* * * LOW HITPOINT WARNING * * *
* * * LOW HITPOINT WARNING * * *
You feel sick.
Unknown command.
Unknown command.
You feel very mighty all of a sudden. You block the worker ant's attack.
Unknown command.
You slash the worker ant! You bite the worker ant.
You kill the worker ant!
You feel sick. The hound bites you.
You die...

........#####...##
.................#
#.##.###.#.......# #. #.
#.#.###...# #. #.#.#
##.######### #.#.#
#..........
#.#.####.##.######
#.#.#.....#.#
#@#..<....#.###### #
#h###.....#....... # #. #.#
#........##### ..#.#.#####h#
#.....#.##
......†hh.oh#####.###.#
#...l.oo..oh#.........######
###.#.).......###.##........
#.####........##.####### #.
###########.#


You could see a hound, an orc wizard, an orc and 3 jackals.

Vanquished Creatures
  A scorpion (D:4)
  An orc priest (D:4)
  An orc wizard (D:3)
  Terence (D:2)
  2 worker ants (D:4)
  4 adders
  3 oozes
  3 worms (D:2)
  6 leopard geckos
  5 orcs
  A ball python (D:2)
  2 giant cockroaches
  5 goblins
  3 hobgoblins
  8 jackals
  A quokka (D:3)
  3 bats
  6 frilled lizards
  12 kobolds
  9 rats
77 creatures vanquished.

Notes
Turn   | Place    | Note
-------+----------+-------------------------------------------
     0 | D:1      | Morbidden the Vine Stalker Fighter began the quest for the
                  | Orb.
     0 | D:1      | Reached XP level 1. HP: 11/11 MP: 2/2
    55 | D:1      | Reached skill level 2 in Axes
   110 | D:1      | Reached XP level 2. HP: 5/16 MP: 3/3
   622 | D:1      | Reached XP level 3. HP: 18/19 MP: 4/4
  1022 | D:2      | Reached skill level 3 in Axes
  1033 | D:2      | Gained mutation: Your natural rate of healing is unusually
                  | fast. [Vine Stalker growth]
  1033 | D:2      | Reached XP level 4. HP: 13/23 MP: 5/5
  1057 | D:2      | Found a faded altar of an unknown god.
  1293 | D:2      | Noticed Terence
  1304 | D:2      | Killed Terence
  1304 | D:2      | Reached XP level 5. HP: 28/28 MP: 6/6
  1507 | D:3      | Reached skill level 4 in Axes
  1554 | D:3      | Found a shattered altar of Ashenzari.
  2059 | D:4      | Reached skill level 1 in Stealth
  2118 | D:4      | Reached XP level 6. HP: 18/32 MP: 4/8
  2127 | D:4      | HP: 1/32 [worker ant (1)]
  2130 | D:4      | Slain by a hound

Skill      XL: |  1  2  3  4  5  6 |
---------------+-------------------+-----
Axes           | 2 3 4 |  4.5
Shields        | 3 |  3.3
Armour         | 3 |  3.0
Stealth        | 1 |  1.6
Fighting       | 3 |  3.2
Dodging        | |  0.3
Spellcasting   | |  0.7

Action                   |  1- 3 |  4- 6 || total
-------------------------+-------+-------++-------
Melee: War axe           |    85 |   113 ||   198
       Bite              |    27 |    27 ||    54
  Use: Potion            |       |     1 ||     1
  Eat: Chunk             |       |     4 ||     4
Armor: Scale mail        |    32 |    40 ||    72
Dodge: Dodged            |    19 |    27 ||    46
Block: Shield            |    44 |    67 ||   111
